 Dungeon Crawl Stone Soup version 0.23.2-40-g277498a001 (webtiles) character file.

Game seed: 1134554226900757747

132 Descartes the Skirmisher (level 5, 0/42 HPs)
             Began as a Formicid Abyssal Knight on Oct 15, 2019.
             Was a Follower of Lugonu.
             Slain by an orc priest (2 damage)
             ... on level 2 of the Dungeon.
             The game lasted 00:04:04 (1667 turns).

Descartes the Skirmisher (Formicid Abyssal Knight)  Turns: 1667, Time: 00:04:04

Health: 0/42       AC: 12    Str: 18    XL:     5   Next: 38%
Magic:  7/7        EV:  7    Int: 11    God:    Lugonu [*.....]
Gold:   69         SH:  0    Dex: 10    Spells: 4/4 levels left

rFire    . . .     SeeInvis +   a - +1 falchion
rCold    . . .     Gourm    .   (no shield)
rNeg     + . .     Faith    .   v - +0 chain mail
rPois    .         Spirit   .   (helmet unavailable)
rElec    .         Reflect  .   b - +0 cloak
rCorr    .         Harm     .   (no gloves)
MR       .....                  g - +1 pair of boots
Stlth    ..........             (no amulet)
HPRegen  0.14/turn              t - ring of positive energy
MPRegen  0.10/turn              (no ring)

@: no status effects
A: permanent stasis, dig shafts and tunnels, four strong arms, antennae 3
a: Dig, Shaft Self, Depart the Abyss, Renounce Religion


You were on level 2 of the Dungeon.
You worshipped Lugonu.
Lugonu was aware of your devotion.
You were hungry.

You visited 1 branch of the dungeon, and saw 2 of its levels.
You visited the Abyss 1 time.

You collected 69 gold pieces.

Inventory:

Hand Weapons
 a - a +1 falchion (weapon)
Missiles
 d - 101 stones (quivered)
 k - 60 bolts
 l - 13 sling bullets
 p - 16 poisoned needles
Armour
 b - a +0 cloak (worn)
 g - a +1 pair of boots (worn)
 v - a +0 chain mail (worn)
Jewellery
 t - a ring of positive energy (left hand)
Scrolls
 e - a scroll of amnesia {unknown}
 j - 3 scrolls of fear {unknown}
 m - a scroll of immolation {unknown}
 n - a scroll of blinking {unknown}
 o - 3 scrolls of remove curse {unknown}
 u - 2 scrolls of identify {unknown}
Potions
 f - a potion of curing {unknown}
 h - a potion of ambrosia {unknown}
 i - a potion of berserk rage {unknown}
 r - a potion of brilliance {unknown}
 s - a potion of cancellation {unknown}
Comestibles
 c - a ration
 q - 4 chunks of flesh


   Skills:
 + Level 4.0 Fighting
 + Level 2.8 Long Blades
 + Level 3.2 Armour
 + Level 2.0 Dodging
 + Level 3.2 Invocations


You had 4 spell levels left.
You didn't know any spells.
Your spell library was empty.

Dungeon Overview and Level Annotations

Branches:
Dungeon (2/15)

Altars:
Ru


Innate Abilities, Weirdness & Mutations

You cannot be hasted, slowed, berserked, paralysed or teleported.
You can dig through walls and to a lower floor.
Your four strong arms can wield two-handed weapons with a shield.
You have a pair of large antennae on your head. (SInv)


Message History

You slash the orc!
You kill the orc!
Lugonu accepts your kill.
You hit the orc.
The orc is lightly wounded.
The orc hits you but does no damage.
You barely miss the orc.
The orc is lightly wounded.
The orc hits you with a +0 club.
* * * LOW HITPOINT WARNING * * *
You hit the orc.
The orc is heavily wounded.
The orc closely misses you.
You slash the orc!
You kill the orc!
Lugonu accepts your kill.
You hit the orc priest.
The orc priest is moderately wounded.
The orc priest hits you.
You die...

######.#...........###.#.##
#.......o..........# #.....
#....o.oo..........# #..>..
#.....###.........## #.....
#............#...## #....#
#....######.###### #....#
#...# #.## #<...# #... ##o#
#....# ### #@## #....# ###
#....# ######


You could see an orc priest.

Vanquished Creatures
  An orc priest (D:2)
  Terence (D:2)
  An orc wizard (D:2)
  2 oozes (D:1)
  A worm (D:2)
  A dart slug (D:1)
  2 leopard geckos
  2 orcs (D:2)
  A giant cockroach (D:2)
  6 goblins
  2 hobgoblins
  3 kobolds (D:1)
  5 bats
  2 frilled lizards (D:1)
  9 rats (D:1)
39 creatures vanquished.

Notes
Turn   | Place    | Note
-------+----------+-------------------------------------------
     0 | Abyss:1  | Descartes the Formicid Abyssal Knight began the quest for
                  | the Orb.
     0 | Abyss:1  | Reached XP level 1. HP: 18/18 MP: 2/2
    76 | Abyss:1  | Noticed an orange demon
    80 | Abyss:1  | Noticed a quasit
    89 | Abyss:1  | Noticed a spatial vortex
    91 | D:1      | Escaped the Abyss
   184 | D:1      | Reached skill level 1 in Dodging
   202 | D:1      | Reached XP level 2. HP: 21/24 MP: 3/3
   378 | D:1      | Reached XP level 3. HP: 27/29 MP: 4/4
   921 | D:1      | Reached * piety under Lugonu
  1515 | D:2      | Found a sacrificial altar of Ru.
  1527 | D:2      | Noticed Terence
  1542 | D:2      | Killed Terence
  1542 | D:2      | Reached XP level 4. HP: 35/37 MP: 6/6
  1653 | D:2      | Reached XP level 5. HP: 4/42 MP: 7/7
  1658 | D:2      | Reached skill level 4 in Fighting
  1664 | D:2      | HP: 1/42 [orc/+0 club (5)]
  1667 | D:2      | Slain by an orc priest

Skill      XL: |  1  2  3  4  5 |
---------------+----------------+-----
Dodging        | 1 2 |  2.0
Armour         | 3 |  3.2
Invocations    | 3 |  3.2
Fighting       | 4 |  4.0
Long Blades    | |  2.8

Action                   |  1- 3 |  4- 6 || total
-------------------------+-------+-------++-------
Melee: Falchion          |    91 |    27 ||   118
Invok: Depart the Abyss  |     1 |       ||     1
 Abil: Dig               |       |     1 ||     1
  Eat: Chunk             |     2 |       ||     2
Armor: Leather armour    |    17 |       ||    17
       Scale mail        |    24 |       ||    24
       Chain mail        |       |    18 ||    18
Dodge: Dodged            |    50 |     6 ||    56
       Rpst.: Falchion   |    12 |     2 ||    14
